 Dungeon Crawl Stone Soup version 0.22-a0-247-gbddf880 (webtiles) character file.

357 George the Carver (level 6, -1/51 HPs)
             Began as a Minotaur Fighter on Feb 27, 2018.
             Slain by a slave (4 damage)
             ... led by Pikel
             ... on level 4 of the Dungeon.
             The game lasted 00:04:33 (2516 turns).

George the Carver (Minotaur Fighter)                Turns: 2516, Time: 00:04:34

Health: -1/51      AC: 10    Str: 28    XL:     6   Next: 36%
Magic:  0/5        EV:  6    Int:  5    God:
Gold:   74         SH: 10    Dex:  9    Spells: 5/5 levels left

rFire    . . .     SeeInvis .   a - +0 long sword
rCold    . . .     Gourm    .   c - +0 shield
rNeg     . . .     Faith    .   o - +0 chain mail
rPois    .         Spirit   +   (helmet restricted)
rElec    .         Reflect  .   t - +0 cloak
rCorr    .         Harm     .   (no gloves)
MR       .....                  (no boots)
Stlth    ..........             l - amulet of guardian spirit
HPRegen  0.17/turn              (no ring)
MPRegen  0.09/turn              (no ring)

@: mighty
A: retaliatory headbutt, horns 2
a: no special abilities


You were on level 4 of the Dungeon.
You were not hungry.

You visited 1 branch of the dungeon, and saw 4 of its levels.

You collected 74 gold pieces.

Inventory:

Hand Weapons
 a - a +0 long sword (weapon)
Missiles
 q - a throwing net (quivered)
Armour
 c - a +0 shield (worn)
 o - a +0 chain mail (worn)
 t - a +0 cloak (worn)
Jewellery
 l - an amulet of guardian spirit (around neck)
Wands
 m - a wand of scattershot (3)
Scrolls
 g - 2 scrolls of remove curse {unknown}
 h - a scroll of amnesia {unknown}
 i - 2 scrolls of enchant weapon {unknown}
 j - 3 scrolls of identify {unknown}
 k - 2 scrolls of blinking {unknown}
 s - a scroll of magic mapping {unknown}
Potions
 b - a potion of flight {unknown}
 e - 2 potions of haste {unknown}
 n - 2 potions of mutation {unknown}
 r - a potion of resistance {unknown}
Comestibles
 f - 4 rations
 p - 3 chunks of flesh


   Skills:
 - Level 3.6 Fighting
 + Level 8.2 Long Blades
 - Level 3.6 Armour
 - Level 3.6 Shields


You had 5 spell levels left.
You didn't know any spells.

Dungeon Overview and Level Annotations

Branches:
Dungeon (4/15)
 Temple: D:4-7

Altars:
Qazlal
Sif Muna
Uskayaw
Vehumet

Annotations:
D:4 Pikel


Innate Abilities, Weirdness & Mutations

You reflexively headbutt those who attack you in melee.
You have a pair of horns on your head.


Message History

You block the slave's attack. The slave completely misses you.
The slave hits you. Pikel hits you but does no damage.
You miss Pikel.
Pikel is heavily wounded.
You block the slave's attack. The slave hits you but does no damage.
You block the slave's attack. Pikel hits you but does no damage.
The slave hits you!
* * * LOW HITPOINT WARNING * * *
You closely miss Pikel.
Pikel is heavily wounded.
The slave hits you but does no damage. The slave barely misses you.
You furiously retaliate!
You headbutt the slave. Pikel hits you but does no damage. The slave hits you.
* * * LOW HITPOINT WARNING * * *
You block the slave's attack. x2
You feel very mighty all of a sudden. Pikel hits you but does no damage.
The slave hits you.
* * * LOW HITPOINT WARNING * * *
You block the slave's attack. The slave hits you.
You die...

.........##
#.........#
.........#
# ........#
#.#.......#
........#
#pKp...#
#@p...#
###....#
...# ...#
... .. .


You could see Pikel and 3 slaves.

Vanquished Creatures
  Sigmund (D:2)
  A slave (D:3)
  Crazy Yiuf (D:3)
  Jessica (D:3)
  4 gnolls (D:3)
  5 adders
  2 dart slugs
  2 leopard geckos
  3 orcs (D:3)
  A ball python (D:3)
  6 giant cockroaches
  A goblin (D:2)
  8 hobgoblins
  5 jackals
  2 quokkas (D:2)
  6 bats
  11 frilled lizards
  4 kobolds
  5 rats
69 creatures vanquished.

Notes
Turn   | Place    | Note
-------+----------+-------------------------------------------
     0 | D:1      | George the Minotaur Fighter began the quest for the Orb.
     0 | D:1      | Reached XP level 1. HP: 19/19 MP: 0/0
   100 | D:1      | Reached skill level 3 in Long Blades
   105 | D:1      | Reached XP level 2. HP: 26/26 MP: 1/1
   190 | D:1      | Reached skill level 4 in Long Blades
   281 | D:1      | Reached XP level 3. HP: 25/31 MP: 2/2
   793 | D:2      | Reached skill level 5 in Long Blades
   983 | D:2      | Reached XP level 4. HP: 27/39 MP: 3/3
  1178 | D:2      | Found a stormy altar of Qazlal.
  1179 | D:2      | Noticed a fire elemental
  1182 | D:2      | Noticed an air elemental
  1185 | D:2      | Noticed a water elemental
  1185 | D:2      | Noticed an earth elemental
  1250 | D:2      | Noticed Sigmund
  1265 | D:2      | Killed Sigmund
  1265 | D:2      | Reached skill level 7 in Long Blades
  1265 | D:2      | Reached XP level 5. HP: 21/45 MP: 1/4
  1768 | D:3      | Found a radiant altar of Vehumet.
  1958 | D:3      | Reached XP level 6. HP: 37/51 MP: 3/5
  2258 | D:3      | Found a runed door.
  2288 | D:3      | Noticed Jessica
  2292 | D:3      | Killed Jessica
  2292 | D:3      | Reached skill level 8 in Long Blades
  2380 | D:3      | Found a deep blue altar of Sif Muna.
  2386 | D:3      | Found a hide-covered altar of Uskayaw.
  2433 | D:3      | Noticed Crazy Yiuf
  2438 | D:3      | Killed Crazy Yiuf
  2485 | D:4      | Noticed Pikel
  2485 | D:4      | Noticed a slave
  2485 | D:4      | Noticed a slave
  2485 | D:4      | Noticed a slave
  2487 | D:4      | Noticed a slave
  2498 | D:3      | Killed a slave
  2516 | D:4      | Slain by a slave

Vault maps used:
D:1:      onia_arrival_pyramid, minmay_lizard_king
D:2:      nicolae_qazlal_style_of_elements, uniq_sigmund
D:3:      vehumet_crystals, minitemple, first_ration, uniq_jessica,
          uniq_crazy_yiuf_cottage
D:4:      grunt_temple_overflow_opulence, minmay_temple_entry_statues_pillars,
          serial_column_ruins, column_ruins_hut, column_ruins_hut,
          column_ruins_corridor_straight, column_ruins_open_small,
          column_ruins_grid_1, column_ruins_open_large, column_ruins_open_tiny,
          enter_ossuary_1, uniq_pikel

Skill      XL: |  1  2  3  4  5  6 |
---------------+-------------------+-----
Long Blades    | 3 4 5 7 8 |  8.2
Fighting       | |  3.6
Armour         | |  3.6
Shields        | |  3.6

Action                   |  1- 3 |  4- 6 || total
-------------------------+-------+-------++-------
Melee: Long sword        |    89 |   102 ||   191
       Headbutt          |    13 |    16 ||    29
Evoke: Wand              |       |     2 ||     2
  Use: Potion            |       |     1 ||     1
  Eat: Chunk             |       |     5 ||     5
Armor: Scale mail        |    40 |    19 ||    59
       Chain mail        |       |    35 ||    35
Dodge: Dodged            |    36 |    20 ||    56
Block: Shield            |    49 |    59 ||   108
       Rpst.: Long sword |    15 |     6 ||    21

Table legend:
 A = Spawn XP
 B = Non-spawn XP
 C = Spawn XP percentage of total XP
 D = Spawn monster count
 E = Non-spawn monster count
 F = Spawn count percentage of total count
 G = Total turns spent on level
                    A         B        C        D         E        F      G
               +---------+---------+-------+---------+---------+-------+---------
         Total |       0 |     510 |   0.0 |       0 |      68 |   0.0 |  2516
               +---------+---------+-------+---------+---------+-------+---------
           D:1 |       0 |      74 |   0.0 |       0 |      31 |   0.0 |   760
           D:2 |       0 |     256 |   0.0 |       0 |      19 |   0.0 |  1174
           D:3 |       0 |     180 |   0.0 |       0 |      18 |   0.0 |   567
               +---------+---------+-------+---------+---------+-------+---------
